 Dungeon Crawl Stone Soup version 0.16-a0-3992-g631dd12 (webtiles) character file.

807 timbw the Cleaver (level 7, -2/57 HPs)
             Began as a Centaur Fighter on Feb 13, 2015.
             Was a Believer of Makhleb.
             Asphyxiated
             ... on level 8 of the Dungeon.
             The game lasted 00:10:23 (2770 turns).

timbw the Cleaver (Centaur Fighter)                 Turns: 2770, Time: 00:10:23

Health: -2/57      AC:  9    Str: 21    XL:     7   Next: 60%
Magic:  5/5        EV:  7    Int:  7    God:    Makhleb [**....]
Gold:   281        SH:  0    Dex:  8    Spells: 0 memorised, 6 levels left

rFire  . . .     SeeInvis .     a - +0 war axe
rCold  . . .     Clarity  .     b - +0 scale mail
rNeg   . . .     SustAb   .     (no shield)
rPois  .         Gourm    .     (no helmet)
rElec  .         Spirit   .     (no cloak)
rCorr  .         Warding  .     p - +2 pair of gloves
rMut   .         Stasis   .     (no barding)
MR     .....                    (no amulet)
Stlth  ..........               (no ring)
                                (no ring)

@: lethally poisoned (-2 -> -80), short of breath, slowed, not resistant to
hostile enchantments, extremely unstealthy
A: hooves 3, blink 1, deformed body, deterioration 1, speed 2, spit poison 1,
tough skin 3
a: Spit Poison, Blink, Minor Destruction, Renounce Religion


You were on level 8 of the Dungeon.
You worshipped Makhleb.
Makhleb was pleased with you.
You were not hungry.

You visited 2 branches of the dungeon, and saw 9 of its levels.

You collected 281 gold pieces.

Inventory:

Hand weapons
 a - a +0 war axe (weapon)
 g - a +0 blowgun
 k - a +1 spear of flaming
Missiles
 f - 18 poisoned needles
 t - 5 tomahawks (quivered)
Armour
 b - a +0 scale mail (worn)
 p - a +2 pair of gloves (worn)
Magical devices
 q - a wand of frost (26)
 r - a wand of random effects (15)
Scrolls
 h - a scroll of blinking {unknown}
 m - a scroll of random uselessness {unknown}
 o - a scroll of fog {unknown}
 v - a scroll of noise {unknown}
Potions
 c - a potion of flight {unknown}
 e - a potion of might
 i - a potion of invisibility
 j - a potion of resistance
 s - a potion of haste {unknown}
 u - a potion of magic {unknown}
Comestibles
 d - a bread ration
 l - a beef jerky
 n - a royal jelly
 w - a chunk of flesh


   Skills:
 + Level 3.1 Fighting
 * Level 8.0 Axes
 - Level 2.1 Armour
   Level 2.1 Shields


You had 6 spell levels left.
You didn't know any spells.

Dungeon Overview and Level Annotations

Branches:
Dungeon (8/15)             Temple (1/1) D:5
   Lair: D:8-11

Altars:
Cheibriados
Dithmenos
Gozag
Kikubaaqudgha
Makhleb
Qazlal
Ru
Trog
Xom
Zin

Shops:
D:5 [

Annotations:
D:5 trelanon's ghost, average VSTm


Innate Abilities, Weirdness & Mutations

You have hooves in place of feet.
Armour fits poorly on your strangely shaped body.
You cover ground very quickly.
You have extremely tough skin (AC +3).
You can translocate small distances at will.
Your body is slowly deteriorating.
You can spit poison.


Message History

The kobold shoots a curare-tipped needle.
The curare-tipped needle hits you.
You are more poisoned.
You have difficulty breathing.
You feel as though you will be slow longer.
The kobold unwields an uncursed blowgun.
The kobold wields an uncursed club.
The kobold closely misses you. The kobold hits you with a short sword.
* * * LOW HITPOINT WARNING * * *
You see here a curare-tipped needle.
You miss the big kobold. You closely miss the kobold.
You hit the kobold but do no damage.
* * * LOW HITPOINT WARNING * * *
You feel extremely sick.
The big kobold hits you but does no damage.
The kobold shoots a curare-tipped needle.
The curare-tipped needle hits you.
You are more poisoned.
You have difficulty breathing.
You die...

#.... . #.......
....# #.......#
.....# #.......#
......# #.......#
.....(.#####.......#
...............K..#
..............KKKK.#
.............(((@..#
..........(.(.$....#
...................#
...................#
........)..........#
...................#
.........#+###.....#
.........'...#.....#
.........#...#....


You could see a big kobold and 4 kobolds.

Vanquished Creatures
  An ogre (D:6)
  A giant frog (D:4)
  2 big kobolds (D:4)
  Blork the orc (D:7)
  A goliath beetle (D:8)
  A crimson imp (D:5)
  3 hounds
  4 worker ants
  7 gnolls (D:4)
  3 adders
  A worm (D:4)
  An adder zombie (D:6)
  2 giant geckos
  2 giant cockroaches
  28 goblins
  21 hobgoblins
  3 quokkas
  A ball python (D:4)
  6 bats
  A giant gecko skeleton (D:4)
  2 giant newts
  9 jackals
  8 kobolds
  2 rats
111 creatures vanquished.

Notes
Turn   | Place    | Note
--------------------------------------------------------------
     0 | D:1      | timbw, the Centaur Fighter, began the quest for the Orb.
     0 | D:1      | Reached XP level 1. HP: 19/19 MP: 1/1
   103 | D:2      | Found a sacrificial altar of Ru.
   147 | D:2      | Reached XP level 2. HP: 15/26 MP: 2/2
   154 | D:2      | Found a snail-covered altar of Cheibriados.
   155 | D:2      | Found an opulent altar of Gozag.
   388 | D:4      | Reached XP level 3. HP: 13/31 MP: 3/3
   403 | D:5      | Entered Level 5 of the Dungeon
   413 | D:5      | Noticed trelanon's ghost (average VSTm)
   984 | D:5      | Found Mnearuaj's Antique Armour Boutique.
  1261 | D:4      | Reached XP level 4. HP: 36/38 MP: 3/3
  1277 | D:4      | Reached skill level 4 in Axes
  1441 | D:4      | Noticed a giant frog
  1456 | D:4      | Killed a giant frog
  1456 | D:4      | Reached skill level 5 in Axes
  1456 | D:4      | Reached XP level 5. HP: 21/45 MP: 4/4
  1704 | D:5      | Reached XP level 6. HP: 48/51 MP: 5/5
  1753 | D:5      | Found a staircase to the Ecumenical Temple.
  1768 | Temple   | Entered the Ecumenical Temple
  1827 | Temple   | Became a worshipper of Makhleb the Destroyer
  2089 | D:4      | Reached skill level 6 in Axes
  2134 | D:4      | Acquired Makhleb's first power
  2258 | D:4      | Noticed a big kobold
  2258 | D:4      | Noticed a big kobold
  2284 | D:4      | Killed a big kobold
  2287 | D:4      | Acquired Makhleb's second power
  2288 | D:4      | Killed a big kobold
  2288 | D:4      | Reached skill level 7 in Axes
  2288 | D:4      | Reached XP level 7. HP: 42/57 MP: 5/5
  2442 | D:6      | Found a glowing silver altar of Zin.
  2566 | D:7      | Gained mutation: Your body is slowly deteriorating. [potion of mutation]
  2566 | D:7      | Gained mutation: You can spit poison. [potion of mutation]
  2566 | D:7      | Gained mutation: You can translocate small distances at will. [potion of mutation]
  2573 | D:7      | Noticed Blork the orc
  2583 | D:7      | Killed Blork the orc
  2744 | D:8      | Reached skill level 8 in Axes
  2770 | D:8      | Asphyxiated

Action                   |  1- 3 |  4- 6 |  7- 9 || total
-------------------------+-------+-------+-------++-------
Melee: War axe           |    95 |   159 |    60 ||   314
 Fire: Blowgun           |     3 |    10 |    18 ||    31
  Use: Scroll            |     5 |       |     1 ||     6
       Potion            |       |       |     1 ||     1
  Eat: Chunk             |       |     4 |     1 ||     5
